 Dungeon Crawl Stone Soup version 0.31-a0-844-gdc52ec4e09 (webtiles) character file.

Game seed: 5710545576019876001

49 Bravepunisher the Ducker (level 3, 0/19 HPs)
             Began as a Spriggan Monk on Sept 28, 2023.
             Was a Priest of Makhleb.
             Slain by Grinder (5 damage)
             ... on level 3 of the Dungeon.
             The game lasted 00:06:29 (1556 turns).

Bravepunisher the Ducker (Spriggan Monk)            Turns: 1556, Time: 00:06:29

Health: 0/19       AC:  2    Str:  7    XL:     3   Next: 51%
Magic:  5/5        EV: 20    Int: 11    God:    Makhleb [***...]
Gold:   83         SH:  0    Dex: 19    Spells: 2/2 levels left

rFire   . . .        a - +0 short sword
rCold   . . .        (no shield)
rNeg    . . .        b - +0 robe
rPois   .            (helmet restricted)
rElec   .            (no cloak)
rCorr   +            (gloves unavailable)
SInv    +            (boots unavailable)
Will    .....        (no amulet)
Stlth   +            i - ring of resist corrosion
HPRegen 0.23/turn    (no ring)
MPRegen 0.09/turn

%: no passive effects
@: confused, ambrosia-drunk, very quick
A: very small, no large weapons, unfitting armour, see invisible, speed 3
a: Renounce Religion, Minor Destruction, Lesser Servant of Makhleb


You were on level 3 of the Dungeon.
You worshipped Makhleb.
Makhleb was most pleased with you.
You visited 2 branches of the dungeon, and saw 6 of its levels.

You collected 83 gold pieces.

Inventory:

Hand Weapons
 a - a +0 short sword (weapon)
Armour
 b - a +0 robe (worn)
Jewellery
 i - a ring of resist corrosion (left hand)
 j - a +5 ring of evasion
Scrolls
 e - 5 scrolls of identify {unknown}
 h - a scroll of enchant armour {unknown}
 k - 2 scrolls of summoning {unknown}
 l - a scroll of fear {unknown}
 o - a scroll of revelation {unknown}
Potions
 d - a potion of mutation {unknown}
 f - a potion of brilliance {unknown}
 g - a potion of attraction {unknown}
 m - a potion of curing {unknown}
 n - a potion of might {unknown}


   Skills:
 - Level 2.5 Fighting
 - Level 3.2 Short Blades
 + Level 4.8 Dodging
 * Level 2.3 Invocations


You had 2 spell levels left.
You didn't know any spells.
Your spell library was empty.

Dungeon Overview and Level Annotations

Branches:
Dungeon (5/15)             Temple (1/1) D:4

Altars:
Ashenzari
Cheibriados
Dithmenos
Elyvilon
Kikubaaqudgha
Makhleb
Okawaru
Ru
Sif Muna
Trog
Uskayaw
Vehumet
Wu Jian
Xom
Yredelemnul
Zin

Shops:
D:1 (*

Annotations:
D:3 Grinder
D:4 Pikel


Innate Abilities, Weirdness & Mutations

You are very small and have problems with some larger weapons.
You are too small for most types of armour.
You have supernaturally acute eyesight. (SInv)
You cover ground extremely quickly. (Speed+++)


Message History

Aim: Grinder (moderately wounded)
The stone arrow hits Grinder!
Grinder is heavily wounded.
Aiming: Minor Destruction (8% risk of failure)
Press: ? - help, Shift-Dir - straight line, f/p - Grinder
Aim: Grinder (heavily wounded)
The puff of flame hits Grinder.
Grinder is heavily wounded.
Grinder blinks!
Aiming: Minor Destruction (8% risk of failure)
Press: ? - help, Shift-Dir - straight line, f/p - Grinder
Aim: Grinder (heavily wounded)
The zap misses Grinder.
The zap hits Grinder.
Grinder is heavily wounded.
Aiming: Minor Destruction (8% risk of failure)
Press: ? - help, Shift-Dir - straight line, f/p - Grinder
Aim: Grinder (heavily wounded)
The stone arrow misses Grinder.
Aiming: Minor Destruction (8% risk of failure)
Press: ? - help, Shift-Dir - straight line, f/p - Grinder
Aim: Grinder (heavily wounded)
The glob of acid hits Grinder!
The acid corrodes Grinder!
Grinder is severely wounded.
Grinder closely misses you.
Unknown command.
Aiming: Minor Destruction (8% risk of failure)
Press: ? - help, Shift-Dir - straight line, f/p - Grinder
Aim: Grinder (severely wounded, covered in acid)
The stone arrow misses Grinder.
Grinder closely misses you.
You are confused.
You feel invigorated. Grinder barely misses you.
You hit Grinder.
Grinder is almost dead.
Grinder closely misses you. Grinder hits you!
Ouch! That really hurt!
* * * LOW HITPOINT WARNING * * *
You writhe in agony.
You die...
Grinder says, "Now the real fun starts!"

#....##### #.........
###<...# ..
######...#####
....##...............
............#######..
###..>.........
#.5..###..###
#.@..#.......
#........####
#....##### #....#
#....# #....# ######


You could see Grinder (corroded).

Vanquished Creatures
  4 ball pythons
  5 endoplasms
  3 giant cockroaches
  4 goblins
  5 hobgoblins (D:1)
  2 jackals (D:1)
  5 quokkas
  7 bats
  A frilled lizard (D:1)
  2 kobolds (D:2)
  3 rats (D:1)
41 creatures vanquished.

Notes
Turn   | Place    | Note
-------+----------+-------------------------------------------
     0 | D:1      | Bravepunisher the Spriggan Monk began the quest for the
                  | Orb.
     0 | D:1      | Reached XP level 1. HP: 11/11 MP: 2/2
   100 | D:5      | Entered Level 5 of the Dungeon
   132 | D:5      | Found a large runed translucent door.
   133 | D:5      | Found a large runed translucent door.
   141 | D:5      | Noticed a jelly
   176 | D:4      | Noticed a lemure
   182 | D:4      | Noticed a lemure
   182 | D:4      | Noticed Pikel
   205 | D:4      | Found a staircase to the Ecumenical Temple.
   210 | D:4      | Noticed a scorpion
   212 | Temple   | Entered the Ecumenical Temple
   254 | Temple   | Became a worshipper of Makhleb the Destroyer
   254 | Temple   | Reached * piety under Makhleb
   254 | Temple   | Reached ** piety under Makhleb
   273 | D:4      | Noticed a lemure
   276 | D:4      | Noticed a lemure
   324 | D:2      | Reached XP level 2. HP: 15/16 MP: 3/3
   352 | D:2      | Reached skill level 1 in Invocations
   589 | D:1      | Found Giuqaipp's Antique Weapon Shop.
   703 | D:1      | Reached XP level 3. HP: 18/19 MP: 5/5
   719 | D:1      | Found Pegogaek's Assorted Antiques.
  1042 | D:1      | Reached *** piety under Makhleb
  1539 | D:3      | Noticed Grinder
  1556 | D:3      | Slain by Grinder

Illustrated notes

Levels and vault maps discovered:
D:1:      evilmike_arrival_rings, layout_rooms, serial_shops, shop,
          nicolae_shop_tiny_waterfront, minmay_misc_feat_encased
D:2:      layout_basic, grunt_decor_one_mirror
D:3:      layout_rooms, dreamdust_ecumenical_altar_statues, uniq_natasha,
          uniq_grinder, uniq_ijyb
D:4:      layout_basic, nemelex_spade_bored_becter,
          minmay_temple_entry_overgrown, uniq_pikel
D:5:      layout_loops_ring, grunt_gozag_breadcrumbs, jmf_multi_god_temple2
Temple:   nicolae_temple_superstar

Skill      XL: |  1  2  3 |
---------------+----------+-----
Invocations    | 1 2 |  2.3
Fighting       | |  2.5
Short Blades   | |  3.2
Dodging        | |  4.8

Action                     || total
---------------------------++-------
  Melee: Short sword       ||    43
 Invoke: Minor Destruction ||    79
    Use: Potion            ||     1
 Armour: Robe              ||    20
  Dodge: Dodged            ||    56

Table legend: (Time is in decaauts)
 A = Elapsed time spent in this place.
 B = Non-inter-level travel time spent in this place.
 C = Inter-level travel time spent in this place.
 D = Time resting spent in this place.
 E = Time spent auto-exploring this place.
 F = Levels seen in this place.
 G = Mean time per level.
                   A        B        C        D        E       F      G
               +--------+--------+--------+--------+--------+-----+--------+
         Total |   1074 |    989 |     85 |     26 |    635 |   6 |  179.0 |
       Dungeon |   1029 |    953 |     76 |      0 |    635 |   5 |  205.8 |
        Temple |     44 |     35 |      9 |     26 |      0 |   1 |   44.0 |
               +--------+--------+--------+--------+--------+-----+--------+

Top non-repeatable levels by time:
     D:1: 558 daAuts
     D:2: 343 daAuts
     D:4: 48 daAuts
     D:5: 45 daAuts
  Temple: 44 daAuts
     D:3: 34 daAuts
